 Dungeon Crawl Stone Soup version 0.30.1-3-gfc49f6343a (webtiles) character file.

Game seed: 18200843306909541167

788 Anriel the Ducker (level 7, -3/36 HPs)
             Began as a Deep Elf Hedge Wizard on July 18, 2023.
             Was an Initiate of Sif Muna.
             Shot with an arrow by a centaur (17 damage)
             ... on level 5 of the Dungeon.
             The game lasted 00:36:59 (5609 turns).

Anriel the Ducker (Deep Elf Hedge Wizard)           Turns: 5609, Time: 00:36:59

Health: -3/36      AC: -1    Str:  7    XL:     7   Next: 56%
Magic:  10/15      EV: 19    Int: 21    God:    Sif Muna [......]
Gold:   293        SH:  0    Dex: 14    Spells: 6/14 levels left

rFire   . . .        q - +2 dagger (venom)
rCold   . . .        (no shield)
rNeg    . . .        p - +0 robe
rPois   .            h - +1 helmet
rElec   .            n - +0 cloak
rCorr   .            j - +0 pair of gloves
SInv    +            c - +0 pair of boots
Will    .....        (no amulet)
Stlth   ++           b - ring of see invisible
HPRegen 0.26/turn    t - +5 ring of evasion
MPRegen 0.14/turn

%: no passive effects
@: corroded, on blink cooldown, very slightly contaminated
A: no striking features
a: Renounce Religion


You were on level 5 of the Dungeon.
You worshipped Sif Muna.
Sif Muna was noncommittal.
You visited 2 branches of the dungeon, and saw 6 of its levels.

You collected 293 gold pieces.

Inventory:

Hand Weapons
 q - a +2 dagger of venom (weapon)
Armour
 c - a +0 pair of boots (worn)
 h - a +1 helmet (worn)
 j - a +0 pair of gloves (worn)
 l - +0 fire dragon scales
 n - a +0 cloak (worn)
 p - a +0 robe (worn)
 s - the +5 ring mail of the Furrier {Rampage Will+}
   (You found it on level 4 of the Dungeon)

   Rampage:   It bestows one free step when moving towards enemies.
   Will:      It increases your willpower.
Jewellery
 b - a ring of see invisible (left hand)
 k - an amulet of faith
 t - a +5 ring of evasion (right hand)
Wands
 a - a wand of charming (5)
Scrolls
 e - 2 scrolls of enchant weapon
 r - 2 scrolls of amnesia
Potions
 d - a potion of magic
 f - a potion of brilliance {unknown}
 g - 4 potions of curing
 i - a potion of heal wounds {unknown}
 m - a potion of might {unknown}
 o - a potion of lignification {unknown}
 u - a potion of flight {unknown}
 v - a potion of haste {unknown}
 w - a potion of attraction {unknown}


   Skills:
 - Level 3.0 Short Blades
 + Level 5.5 Dodging
 - Level 3.1 Stealth
 - Level 4.4 Spellcasting
 - Level 5.0 Conjurations
 * Level 3.5 Hexes
 * Level 3.1 Summonings
 - Level 2.0 Translocations


You had 6 spell levels left.
You knew the following spells:

 Your Spells              Type           Power      Damage    Failure   Level
a - Magic Dart            Conj           100%       1d8       1%          1
b - Blink                 Tloc           26%        N/A       8%          2
c - Slow                  Hex            76%        N/A       2%          1
d - Call Imp              Summ           34%        N/A       4%          2
e - Cigotuvi's Dreadful   Necr/Pois/Air  8%         N/A       17%         2

Your spell library contained the following spells:

 Spells                   Type           Power      Damage    Failure   Level
 Summon Guardian Golem    Hex/Summ       18%        N/A       9%          3
 Mephitic Cloud           Conj/Pois/Air  11%        N/A       17%         3
 Orb of Destruction       Conj           12%        9d7       100%        7
 Spellforged Servitor     Conj/Summ      10%        N/A       100%        7


Dungeon Overview and Level Annotations

Branches:
Dungeon (5/15)             Temple (1/1) D:5

Altars:
Cheibriados
Dithmenos
Fedhas
Gozag
Hepliaklqana
Makhleb
Nemelex Xobeh
Qazlal
Ru
Sif Muna
Trog
Vehumet
Wu Jian
Xom
Yredelemnul
Zin
The Shining One


Message History

The magic dart hits the ogre.
The ogre is severely wounded.
You hit the ogre. Your punch misses the ogre.
The ogre is almost dead.
The ogre closely misses you.
You hit the ogre.
You kill the ogre!
Sif Muna accepts your kill.
Your life force feels restored.
Your Summonings skill increases to level 3!
Things that are here:
a +0 giant club; an ogre corpse
Found a stone staircase leading down.
A centaur comes into view.
It is wielding a +0 short sword and carrying a wand of acid (9).
Casting: Magic Dart (safe; 1% risk of failure)
Confirm with . or Enter, or press ? or * to list all spells.
A tiny devil pulls itself out of the air.
The centaur shouts!
The centaur unwields a +0 short sword.
The centaur wields a +0 shortbow.
The centaur shoots an arrow.
The arrow closely misses you.
Your cerulean imp hits the centaur but does no damage.
Aiming: Magic Dart (safe; 1% risk of failure)
Press: ? - help, Q - select action, (/) - cycle Shift-Dir - straight line, f - centaur
Aim: a centaur, wielding a +0 shortbow, wearing a +0 robe, quivering javelins and carrying a wand of acid (9) (ally target, 100% to hit)
You miscast Magic Dart.
You are very lightly contaminated with residual magic.
Nothing appears to happen.
The centaur zaps a wand.
The bolt of acid hits you! The acid corrodes you!
Your cerulean imp hits the centaur but does no damage.
The centaur zaps a wand.
The bolt of acid hits you!!
Ouch! That really hurt!
* * * LOW HITPOINT WARNING * * *
The acid corrodes you!
Okay, then.
You feel better.
The centaur zaps a wand.
The bolt of acid misses you.
Your cerulean imp hits the centaur but does no damage.
Casting: Magic Dart (safe; 1% risk of failure)
Confirm with . or Enter, or press ? or * to list all spells.
You blink.
The centaur shoots an arrow.
The arrow hits you!
You die...

# #†..###.# #..###...........<. #
#...# #.# ###>....>............ #
#...###.# #......#............. #
#......## #.#.##.#####...####.# #
######## #.#.##.# #...# #
#...##.# #...# # ###### #.####.#
#...# # .....########.####.#
##.## # ####.......#....@..# #.#
## ####.#####.#.......# ####.####
#. ..##.#####....##...#
#.†.....###. #.............#§...#
#†#.......)) #......P.....##....#
#.##.)#.##.# ...≈§...._.c..c5...#
#.##..#.##.#
#..≈≈..............###.##....##.#
#.§≈≈..P..P.###.#...........)##..
#.§§≈.......# #.######.......####


You could see a centaur (ally target) and a friendly cerulean imp (summoned).

Vanquished Creatures
  A black bear (D:4)
  An ogre (D:5)
  2 phantoms (D:5)
  2 howler monkeys (D:5)
  A jelly (D:4)
  Jessica (D:2)
  2 iguanas (D:5)
  6 adders
  A white imp (D:5)
  A dart slug (D:3)
  6 orcs
  8 endoplasms
  5 giant cockroaches
  8 goblins
  4 hobgoblins
  8 jackals
  5 kobolds
  3 quokkas
  3 bats
  5 frilled lizards
  3 rats
76 creatures vanquished.

Vanquished Creatures (collateral kills)
  A scorpion (D:4)
  2 hounds
  An adder (D:5)
  A worm (D:2)
  An orc (D:5)
6 creatures vanquished.

Grand Total: 82 creatures vanquished

Notes
Turn   | Place    | Note
-------+----------+-------------------------------------------
     0 | D:1      | Anriel the Deep Elf Hedge Wizard began the quest for the
                  | Orb.
     0 | D:1      | Reached XP level 1. HP: 10/10 MP: 7/7
   445 | D:1      | Reached XP level 2. HP: 15/15 MP: 6/9
  1055 | D:2      | Learned a level 2 spell: Blink
  1057 | D:2      | Learned a level 1 spell: Slow
  1060 | D:2      | Learned a level 2 spell: Call Imp
  1063 | D:2      | Learned a level 2 spell: Cigotuvi's Dreadful Rot
  1319 | D:2      | Reached XP level 3. HP: 19/19 MP: 6/10
  1531 | D:2      | Noticed Jessica
  1563 | D:2      | Killed Jessica
  1564 | D:2      | Reached XP level 4. HP: 15/24 MP: 6/12
  1862 | D:2      | Reached skill level 1 in Short Blades
  2294 | D:3      | Reached skill level 1 in Hexes
  2322 | D:3      | Found a sacrificial altar of Ru.
  3134 | D:4      | Identified the +5 ring mail of the Furrier {Rampage Will+}
  3318 | D:4      | Noticed a black bear
  3377 | D:4      | Noticed a scorpion
  3436 | D:4      | Killed a scorpion
  3437 | D:4      | Reached XP level 5. HP: 26/28 MP: 0/13
  3568 | D:4      | Found a bloodstained altar of Trog.
  3795 | D:4      | Found a glowing silver altar of Zin.
  3980 | D:4      | Killed a black bear
  3981 | D:4      | Reached XP level 6. HP: 32/32 MP: 1/14
  4739 | D:5      | Entered Level 5 of the Dungeon
  4797 | D:5      | Found a staircase to the Ecumenical Temple.
  4806 | Temple   | Entered the Ecumenical Temple
  4992 | Temple   | Became a worshipper of Sif Muna the Loreminder
  5175 | D:5      | Reached XP level 7. HP: 31/36 MP: 5/15
  5177 | D:5      | Reached skill level 5 in Dodging
  5256 | D:5      | Found a stormy altar of Qazlal.
  5551 | D:5      | Reached skill level 5 in Conjurations
  5609 | D:5      | Shot with an arrow by a centaur

Illustrated notes

Levels and vault maps discovered:
D:1:      sevenhm_arrival_forest_fort_small_1, layout_loops_corners
D:2:      layout_basic, dk_noncrumbling_2, kennysheep_doodads, uniq_jessica
D:3:      layout_rooms, nicolae_ru_sacrificial_ziggurat
D:4:      layout_basic, general_overflow_altar,
          mainiacjoe_overflow_small_starburst, minmay_door_square
D:5:      layout_loops_cross, mainiacjoe_overflow_chevrons,
          minmay_temple_entry_stoned_glass, minmay_misc_feat_iff
Temple:   nicolae_temple_bog_church

Skill      XL: |  1  2  3  4  5  6  7 |
---------------+----------------------+-----
Conjurations   | 2 3 4 5 |  5.0
Dodging        | 3 4 5 |  5.5
Stealth        | 3 |  3.1
Summonings     | 2 3 |  3.1
Translocations | 2 |  2.0
Short Blades   | 1 2 3 |  3.0
Hexes          | 2 3 |  3.5
Spellcasting   | |  4.4

Action                     |  1- 3 |  4- 6 |  7- 9 || total
---------------------------+-------+-------+-------++-------
  Melee: Dagger            |    19 |    31 |    20 ||    70
   Cast: Magic Dart        |    55 |   158 |    22 ||   235
         Call Imp          |     1 |     9 |     1 ||    11
         Slow              |       |     7 |     1 ||     8
         Blink             |       |     4 |     1 ||     5
         Cigotuvi's Dreadf |       |       |     1 ||     1
    Use: Scroll            |     2 |     6 |       ||     8
         Potion            |       |     1 |     1 ||     2
   Stab: Sleeping          |       |     1 |     2 ||     3
 Armour: Robe              |     8 |    17 |     2 ||    27
  Dodge: Dodged            |    19 |    54 |    22 ||    95
